PHILADELPHIA RAIDERS vs LIMOILOU WOLF PACK
Created - 2 novembre 2025 at 22:34
Goals
|
| PHILADELPHIA RAIDERS |
1 |
1 |
0 |
0 |
2 |
| LIMOILOU WOLF PACK |
1 |
0 |
1 |
1 |
3 |
|
Shots
|
| PHILADELPHIA RAIDERS |
12 |
6 |
22 |
0 |
40 |
| LIMOILOU WOLF PACK |
10 |
13 |
5 |
1 |
29 |
|
1st period
1. LIMOILOU WOLF PACK , Jeff Malott 1 (Akil Thomas 4, Chad Ruhwedel 2) at 8:38
2. PHILADELPHIA RAIDERS , Lukas Rousek 3 (Dennis Cholowski 3) at 10:33
Penalties :
Nicolas Deslauriers (LIM) for High sticking (Minor) at 9:48, Matthew Poitras (PHI) for Hooking (Minor) at 9:48, Nicolas Aube-Kubel (LIM) for Interference (Minor) at 12:19, Nicolas Aube-Kubel (LIM) for Goalie Interference (Minor) at 14:40, Dominik Shine (LIM) for Fighting (Major) at 18:06, Jonathan Gruden (PHI) for Fighting (Major) at 18:06, Zack Ostapchuk (PHI) for Hooking (Minor) at 18:09
2nd period
3. PHILADELPHIA RAIDERS , Zack Ostapchuk 7 (Jonathan Gruden 9, Gavin Hayes 3) at 10:10
Penalties :
Colton Dach (LIM) for Hooking (Minor) at 7:00, Zack Ostapchuk (PHI) for Hooking (Minor) at 11:33, Brandon Scanlin (PHI) for Hooking (Minor) at 13:41, Tyce Thompson (PHI) for Hooking (Minor) at 16:46
3rd period
4. LIMOILOU WOLF PACK , Colton Dach 1 (Chad Ruhwedel 3) at 4:00
Penalties :
No Penalty
Overtime #1
5. LIMOILOU WOLF PACK , Akil Thomas 2 (Oskar Pettersson 3, Nicolas Deslauriers 3) at 1:05
Penalties :
No Penalty
Goalie Stats
Jaxson Stauber (PHI), 26 saves from 29 shots - (0,897), OTL, 6-1-1, 61:06 minutes
Anton Forsberg (LIM), 38 saves from 40 shots - (0,950), W, 3-4-1, 61:06 minutes
Players Stats for PHILADELPHIA RAIDERS
Player Name G A P +/- PIM S H SB GA TA FO MP PP MP PK MP
------------------------------------------------------------------------------------
Brandon Scanlin 0 0 0 1 2 0 5 0 0 0 0/0 26:28 3:28 2:55
Cameron Lund 0 0 0 0 0 7 0 0 0 0 1/3 13:31 0:52 1:55
Curtis Lazar 0 0 0 -2 0 3 2 2 0 0 5/11 20:26 3:02 4:24
Dennis Cholowski 0 1 1 0 0 2 0 0 0 0 0/0 23:57 2:51 2:41
Donovan Sebrango 0 0 0 0 0 1 3 1 0 0 0/0 11:28 0:44 2:04
Gavin Hayes 0 1 1 1 0 1 0 0 0 0 1/2 21:39 2:52 0:00
Jaycob Megna 0 0 0 -1 0 3 0 5 0 0 0/0 27:27 2:19 2:58
Jayden Grubbe 0 0 0 -1 0 0 0 0 0 0 0/0 0:38 0:00 0:00
Jett Luchanko 0 0 0 0 0 0 0 0 0 0 0/0 0:00 0:00 0:00
Jonathan Gruden 0 1 1 1 5 2 0 0 0 0 0/0 19:36 2:52 0:00
Lukas Rousek 1 0 1 -1 0 2 0 0 0 0 6/8 20:20 3:05 3:11
Matthew Poitras 0 0 0 -2 2 10 0 1 0 0 13/27 26:38 3:00 3:21
Noah Warren 0 0 0 -1 0 1 0 0 0 0 0/0 4:35 0:00 1:02
Riley Kidney 0 0 0 -1 0 0 0 0 0 0 2/7 16:43 0:00 3:01
Shai Buium 0 0 0 -1 0 0 1 1 0 0 0/0 28:16 2:32 4:12
Simon Lundmark 0 0 0 0 0 0 0 0 0 0 0/0 0:00 0:00 0:00
Tyce Thompson 0 0 0 1 2 0 2 0 0 0 1/5 13:48 0:00 0:00
Zack Ostapchuk 1 0 1 1 4 8 4 1 0 0 16/26 18:53 2:08 0:00
Players Stats for LIMOILOU WOLF PACK
Player Name G A P +/- PIM S H SB GA TA FO MP PP MP PK MP
------------------------------------------------------------------------------------
Aidan Fulp 0 0 0 0 0 0 0 2 0 0 0/0 18:46 3:50 2:03
Akil Thomas 1 1 2 2 0 6 1 0 0 0 0/0 16:25 3:14 2:09
Alex Suzdalev 0 0 0 0 0 0 1 0 0 0 0/1 8:13 1:38 0:00
Brendan Brisson 0 0 0 -1 0 0 0 0 0 0 0/1 8:41 0:23 0:00
Cam McDonald 0 0 0 0 0 0 0 0 0 0 0/0 7:57 0:30 0:38
Chad Ruhwedel 0 2 2 2 0 1 3 6 0 0 0/0 22:18 3:36 3:16
Charlie Wright 0 0 0 -2 0 2 0 3 0 0 0/0 13:43 0:48 0:00
Colton Dach 1 0 1 1 2 4 5 1 0 0 0/1 16:06 0:00 0:00
Dominik Shine 0 0 0 0 5 2 5 0 0 0 0/1 12:13 0:53 0:44
Jackson van de Leest 0 0 0 -1 0 0 3 2 0 0 0/0 12:43 0:00 0:38
Jacob Perreault 0 0 0 -1 0 3 0 0 0 0 10/16 16:37 3:58 0:00
Jeff Malott 1 0 1 0 0 2 1 1 0 0 10/30 24:39 3:13 3:42
Nicolas Aube-Kubel 0 0 0 1 4 5 1 0 0 0 1/2 19:04 3:26 0:00
Nicolas Deslauriers 0 1 1 1 2 1 1 1 0 0 0/0 17:37 3:32 2:03
Oskar Pettersson 0 1 1 1 0 1 1 0 0 0 9/14 24:24 3:37 2:09
Philippe Daoust 0 0 0 0 0 2 1 0 0 0 14/23 27:50 3:26 3:10
Sebastien Aho 0 0 0 2 0 0 0 0 0 0 0/0 22:18 3:36 3:16
Vincent Sevigny 0 0 0 0 0 0 1 0 0 0 0/0 6:49 0:00 0:00
3 Stars
1 - Chad Ruhwedel (LIM)
2 - Akil Thomas (LIM)
3 - Anton Forsberg (LIM)
Power Play
PHILADELPHIA RAIDERS - 0 on 3 Attempt(s) - 0,00%
LIMOILOU WOLF PACK - 0 on 4 Attempt(s) - 0,00%
Penalty Kill
PHILADELPHIA RAIDERS - 4 on 4 Attempt(s) - 100,00%
- Score 0 goal in Penalty Kill
LIMOILOU WOLF PACK - 3 on 3 Attempt(s) - 100,00%
- Score 0 goal in Penalty Kill
Team Stat
PHILADELPHIA RAIDERS - Hits : 17 - Faceoff Wins : 45 - Blocked Shots : 11 - Penalty Minutes : 15
LIMOILOU WOLF PACK - Hits : 24 - Faceoff Wins : 44 - Blocked Shots : 16 - Penalty Minutes : 13
Official
Referees : Sean MacFarlane and Peter MacDougall
Linesman : Robb Harrell and Colin Gates
Game Notes
Dominik Shine and Jonathan Gruden fight to a draw at 18:06 of 1st period
PHILADELPHIA RAIDERS
5 vs 5 Forward
Center Left Wing Right Wing Time % Phy DF OF
1 Matthew Poitras Curtis Lazar Lukas Rousek 36 1 2 2
2 Zack Ostapchuk Jonathan Gruden Gavin Hayes 31 1 2 2
3 Matthew Poitras Riley Kidney Cameron Lund 23 1 2 2
4 Riley Kidney Tyce Thompson Matthew Poitras 10 1 2 2
5 vs 5 Defense
Defense Defense Time % Phy DF OF
1 Jaycob Megna Shai Buium 36 1 2 2
2 Dennis Cholowski Brandon Scanlin 31 1 2 2
3 Dennis Cholowski Jaycob Megna 23 1 2 2
4 Shai Buium Jaycob Megna 10 1 2 2
PowerPlay Forward
Center Left Wing Right Wing Time % Phy DF OF
1 Matthew Poitras Curtis Lazar Lukas Rousek 55 1 2 2
2 Zack Ostapchuk Jonathan Gruden Gavin Hayes 45 1 2 2
PowerPlay Defense
Defense Defense Time % Phy DF OF
1 Jaycob Megna Shai Buium 55 1 2 2
2 Dennis Cholowski Brandon Scanlin 45 1 2 2
Penalty Kill 4 Players Forward
Center Wing Time % Phy DF OF
1 Curtis Lazar Matthew Poitras 55 1 2 2
2 Lukas Rousek Riley Kidney 45 1 2 2
Penalty Kill 4 Players Defense
Defense Defense Time % Phy DF OF
1 Jaycob Megna Shai Buium 55 1 2 2
2 Dennis Cholowski Brandon Scanlin 45 1 2 2
Penalty Kill - 3 Players Forward
Forward Time % Phy DF OF
1 Riley Kidney 55 1 2 2
2 Matthew Poitras 45 1 2 2
Penalty Kill - 3 Players Defense
Defense Defense Time % Phy DF OF
1 Jaycob Megna Dennis Cholowski 55 1 2 2
2 Shai Buium Brandon Scanlin 45 1 2 2
4 vs 4 Forward
Center Wing Time % Phy DF OF
1 Lukas Rousek Matthew Poitras 55 1 2 2
2 Curtis Lazar Cameron Lund 45 1 2 2
4 vs 4 Defense
Defense Defense Time % Phy DF OF
1 Jaycob Megna Shai Buium 55 1 2 2
2 Dennis Cholowski Brandon Scanlin 45 1 2 2
Last Minutes Offensive
Center Left Wing Right Wing Defense Defense
Matthew Poitras Curtis Lazar Lukas Rousek Jaycob Megna Shai Buium
Last Minutes Defensive
Center Left Wing Right Wing Defense Defense
Matthew Poitras Curtis Lazar Lukas Rousek Jaycob Megna Shai Buium
Goaltenders
Starting : Jaxson Stauber
Backup : Aaron Dell
Extra Forwards
Normal : Matthew Poitras, Tyce Thompson, Curtis Lazar - PP : Matthew Poitras, Lukas Rousek - PK : Matthew Poitras
Extra Defensemen
Normal : Jaycob Megna, Shai Buium, Brandon Scanlin - PP : Jaycob Megna - PK : Brandon Scanlin, Jaycob Megna
Penalty Shots
Tyce Thompson, Matthew Poitras, Curtis Lazar, Lukas Rousek, Zack Ostapchuk
Scratches
Artur Cholach (Healthy), John Ludvig (Healthy), Cale Fleury (Strained Left Elbow Injury), Ethan Gauthier (Healthy), Hank Kempf (Healthy)
Kalan Lind (Healthy), Michael Callahan (Healthy)
LIMOILOU WOLF PACK
5 vs 5 Forward
Center Left Wing Right Wing Time % Phy DF OF
1 Jeff Malott Oskar Pettersson Akil Thomas 36 1 2 2
2 Philippe Daoust Colton Dach Nicolas Aube-Kubel 31 1 2 2
3 Jacob Perreault Jeff Malott Dominik Shine 23 1 2 2
4 Oskar Pettersson Brendan Brisson Philippe Daoust 10 1 2 2
5 vs 5 Defense
Defense Defense Time % Phy DF OF
1 Chad Ruhwedel Sebastien Aho 36 1 2 2
2 Nicolas Deslauriers Aidan Fulp 31 1 2 2
3 Charlie Wright Jackson van de Leest 23 1 2 2
4 Cam McDonald Vincent Sevigny 10 1 2 2
PowerPlay Forward
Center Left Wing Right Wing Time % Phy DF OF
1 Jeff Malott Oskar Pettersson Akil Thomas 55 1 2 2
2 Philippe Daoust Jacob Perreault Nicolas Aube-Kubel 45 1 2 2
PowerPlay Defense
Defense Defense Time % Phy DF OF
1 Chad Ruhwedel Sebastien Aho 55 1 2 2
2 Nicolas Deslauriers Aidan Fulp 45 1 2 2
Penalty Kill 4 Players Forward
Center Wing Time % Phy DF OF
1 Jeff Malott Philippe Daoust 55 1 2 2
2 Oskar Pettersson Akil Thomas 45 1 2 2
Penalty Kill 4 Players Defense
Defense Defense Time % Phy DF OF
1 Chad Ruhwedel Sebastien Aho 55 1 2 2
2 Nicolas Deslauriers Aidan Fulp 45 1 2 2
Penalty Kill - 3 Players Forward
Forward Time % Phy DF OF
1 Oskar Pettersson 55 1 2 2
2 Philippe Daoust 45 1 2 2
Penalty Kill - 3 Players Defense
Defense Defense Time % Phy DF OF
1 Chad Ruhwedel Sebastien Aho 55 1 2 2
2 Nicolas Deslauriers Aidan Fulp 45 1 2 2
4 vs 4 Forward
Center Wing Time % Phy DF OF
1 Jeff Malott Philippe Daoust 55 1 2 2
2 Oskar Pettersson Akil Thomas 45 1 2 2
4 vs 4 Defense
Defense Defense Time % Phy DF OF
1 Chad Ruhwedel Sebastien Aho 55 1 2 2
2 Nicolas Deslauriers Aidan Fulp 45 1 2 2
Last Minutes Offensive
Center Left Wing Right Wing Defense Defense
Philippe Daoust Oskar Pettersson Akil Thomas Chad Ruhwedel Sebastien Aho
Last Minutes Defensive
Center Left Wing Right Wing Defense Defense
Philippe Daoust Oskar Pettersson Akil Thomas Chad Ruhwedel Sebastien Aho
Goaltenders
Starting : Anton Forsberg
Backup : Collin Delia
Extra Forwards
Normal : Jeff Malott, Jacob Perreault, Dominik Shine - PP : Jeff Malott, Jacob Perreault - PK : Dominik Shine
Extra Defensemen
Normal : Charlie Wright, Jackson van de Leest, Cam McDonald - PP : Charlie Wright - PK : Jackson van de Leest, Cam McDonald
Penalty Shots
Nicolas Deslauriers, Philippe Daoust, Oskar Pettersson, Akil Thomas, Jeff Malott
Scratches
Arthur Kaliyev (Strained Left Knee Injury), Lukas Fischer (Healthy), Vinni Lettieri (Strained Left Elbow Injury), Malcolm Subban (Healthy)
% Time on Ice - PHILADELPHIA RAIDERS
Lines # - Real PCT - Wanted PCT - Time Play
Normal Forward
1 - 26% - 36% - 11:39
2 - 43% - 31% - 18:47
3 - 17% - 23% - 7:39
4 - 14% - 10% - 6:03
Normal Defense
1 - 43% - 36% - 19:06
2 - 37% - 31% - 16:08
3 - 14% - 23% - 6:03
4 - 6% - 10% - 2:51
PP Forward
1 - 52% - 55% - 3:05
2 - 48% - 45% - 2:52
PP Defense
1 - 43% - 55% - 2:32
2 - 57% - 45% - 3:25
PK Forward
1 - 60% - 55% - 4:45
2 - 40% - 45% - 3:11
PK Defense
1 - 56% - 55% - 4:27
2 - 44% - 45% - 3:29
PK3 Forward
1 - 0% - 55%
2 - 0% - 45%
PK3 Defense
1 - 0% - 55%
2 - 0% - 45%
44 Forward
1 - 78% - 55% - 2:25
2 - 22% - 45% - 0:40
44 Defense
1 - 70% - 55% - 2:09
2 - 30% - 45% - 0:56
Last Minute Offensive - 0:00
Last Minute Defensive - 0:00
Total
Forward - 61:06
Defense - 61:06
|
% Time on Ice - LIMOILOU WOLF PACK
Lines # - Real PCT - Wanted PCT - Time Play
Normal Forward
1 - 21% - 36% - 9:10
2 - 37% - 31% - 16:07
3 - 24% - 23% - 10:33
4 - 19% - 10% - 8:18
Normal Defense
1 - 31% - 36% - 13:36
2 - 26% - 31% - 11:38
3 - 27% - 23% - 12:05
4 - 15% - 10% - 6:49
PP Forward
1 - 46% - 55% - 3:37
2 - 54% - 45% - 4:19
PP Defense
1 - 52% - 55% - 4:06
2 - 48% - 45% - 3:50
PK Forward
1 - 64% - 55% - 3:48
2 - 36% - 45% - 2:09
PK Defense
1 - 66% - 55% - 3:54
2 - 34% - 45% - 2:03
PK3 Forward
1 - 0% - 55%
2 - 0% - 45%
PK3 Defense
1 - 0% - 55%
2 - 0% - 45%
44 Forward
1 - 54% - 55% - 1:40
2 - 46% - 45% - 1:25
44 Defense
1 - 59% - 55% - 1:50
2 - 41% - 45% - 1:15
Last Minute Offensive - 0:00
Last Minute Defensive - 0:00
Total
Forward - 61:06
Defense - 61:06
|
Play-by-Play
1st period
0:01 of 1st period - Matthew Poitras wins face-off versus Jeff Malott in neutral zone.
0:06 of 1st period - Shot by Matthew Poitras.
0:06 of 1st period - Shot Blocked by Chad Ruhwedel.
0:16 of 1st period - Icing by Curtis Lazar.
0:17 of 1st period - Matthew Poitras wins face-off versus Philippe Daoust in PHILADELPHIA RAIDERS zone.
0:17 of 1st period - Matthew Poitras is hit by Colton Dach.
0:23 of 1st period - Shot by Matthew Poitras.
0:23 of 1st period - Shot Misses the Net.
0:33 of 1st period - Shot by Nicolas Aube-Kubel.
0:33 of 1st period - Stopped by Jaxson Stauber with a rebound.
0:43 of 1st period - Shot by Nicolas Aube-Kubel.
0:43 of 1st period - Shot Blocked by Jaycob Megna.
0:45 of 1st period - Shot by Nicolas Aube-Kubel.
0:45 of 1st period - Stopped by Jaxson Stauber without a rebound.
0:46 of 1st period - Zack Ostapchuk wins face-off versus Jacob Perreault in PHILADELPHIA RAIDERS zone.
0:46 of 1st period - Zack Ostapchuk is hit by Dominik Shine.
1:41 of 1st period - Shot by Oskar Pettersson.
1:41 of 1st period - Shot Blocked by Zack Ostapchuk.
2:17 of 1st period - Icing by Dennis Cholowski.
2:18 of 1st period - Zack Ostapchuk wins face-off versus Jeff Malott in PHILADELPHIA RAIDERS zone.
2:58 of 1st period - Shot by Cameron Lund.
2:58 of 1st period - Stopped by Anton Forsberg without a rebound.
2:59 of 1st period - Philippe Daoust wins face-off versus Matthew Poitras in LIMOILOU WOLF PACK zone.
3:18 of 1st period - Shot by Matthew Poitras.
3:18 of 1st period - Stopped by Anton Forsberg without a rebound.
3:19 of 1st period - Jacob Perreault wins face-off versus Riley Kidney in LIMOILOU WOLF PACK zone.
3:19 of 1st period - Jacob Perreault is hit by Tyce Thompson.
3:58 of 1st period - Icing by Jaycob Megna.
3:59 of 1st period - Tyce Thompson wins face-off versus Philippe Daoust in PHILADELPHIA RAIDERS zone.
3:59 of 1st period - Tyce Thompson is hit by Colton Dach.
4:18 of 1st period - Off-side.
4:19 of 1st period - Zack Ostapchuk wins face-off versus Oskar Pettersson in neutral zone.
4:22 of 1st period - Vincent Sevigny is hit by Zack Ostapchuk and loses puck.
4:46 of 1st period - Shot by Zack Ostapchuk.
4:46 of 1st period - Stopped by Anton Forsberg with a rebound.
4:51 of 1st period - Philippe Daoust is hit by Brandon Scanlin and loses puck.
5:20 of 1st period - Shot by Lukas Rousek.
5:20 of 1st period - Shot Misses the Net.
5:33 of 1st period - Off-side.
5:34 of 1st period - Philippe Daoust wins face-off versus Riley Kidney in neutral zone.
6:19 of 1st period - Cameron Lund is hit by Akil Thomas and loses puck.
7:04 of 1st period - Oskar Pettersson is hit by Donovan Sebrango and loses puck.
7:10 of 1st period - Brendan Brisson is hit by Donovan Sebrango and loses puck.
7:44 of 1st period - Shot by Curtis Lazar.
7:44 of 1st period - Shot Misses the Net.
7:46 of 1st period - Shot by Dennis Cholowski.
7:46 of 1st period - Shot Blocked by Charlie Wright.
8:38 of 1st period - Shot by Jeff Malott.
8:38 of 1st period - Goal by Jeff Malott - PHILADELPHIA RAIDERS : 0 - LIMOILOU WOLF PACK : 1.
8:39 of 1st period - Zack Ostapchuk wins face-off versus Jacob Perreault in neutral zone.
9:01 of 1st period - Shot by Dominik Shine.
9:01 of 1st period - Stopped by Jaxson Stauber without a rebound.
9:02 of 1st period - Riley Kidney wins face-off versus Jeff Malott in PHILADELPHIA RAIDERS zone.
9:18 of 1st period - Shot by Akil Thomas.
9:18 of 1st period - Stopped by Jaxson Stauber without a rebound.
9:19 of 1st period - Jacob Perreault wins face-off versus Matthew Poitras in PHILADELPHIA RAIDERS zone.
9:34 of 1st period - Shot by Dominik Shine.
9:34 of 1st period - Stopped by Jaxson Stauber without a rebound.
9:35 of 1st period - Zack Ostapchuk wins face-off versus Philippe Daoust in PHILADELPHIA RAIDERS zone.
9:35 of 1st period - Zack Ostapchuk is hit by Colton Dach.
9:47 of 1st period - Shot by Jonathan Gruden.
9:47 of 1st period - Stopped by Anton Forsberg without a rebound.
9:48 of 1st period - Jeff Malott wins face-off versus Cameron Lund in LIMOILOU WOLF PACK zone.
9:48 of 1st period - Minor Penalty to Nicolas Deslauriers for High sticking.
9:48 of 1st period - Minor Penalty to Matthew Poitras for Hooking.
9:49 of 1st period - Jeff Malott wins face-off versus Lukas Rousek in LIMOILOU WOLF PACK zone.
9:57 of 1st period - Off-side.
9:58 of 1st period - Lukas Rousek wins face-off versus Jeff Malott in neutral zone.
10:01 of 1st period - Jeff Malott is hit by Tyce Thompson.
10:07 of 1st period - Shot by Jeff Malott.
10:07 of 1st period - Shot Misses the Net.
10:09 of 1st period - Shot by Jeff Malott.
10:09 of 1st period - Stopped by Jaxson Stauber without a rebound.
10:10 of 1st period - Lukas Rousek wins face-off versus Oskar Pettersson in PHILADELPHIA RAIDERS zone.
10:29 of 1st period - Shot by Lukas Rousek.
10:29 of 1st period - Stopped by Anton Forsberg without a rebound.
10:30 of 1st period - Lukas Rousek wins face-off versus Jeff Malott in LIMOILOU WOLF PACK zone.
10:33 of 1st period - Shot by Lukas Rousek.
10:33 of 1st period - Goal by Lukas Rousek - PHILADELPHIA RAIDERS : 1 - LIMOILOU WOLF PACK : 1.
10:34 of 1st period - Lukas Rousek wins face-off versus Jeff Malott in neutral zone.
10:57 of 1st period - Shot by Lukas Rousek.
10:57 of 1st period - Shot Misses the Net.
11:07 of 1st period - Shot by Philippe Daoust.
11:07 of 1st period - Stopped by Jaxson Stauber without a rebound.
11:08 of 1st period - Oskar Pettersson wins face-off versus Cameron Lund in PHILADELPHIA RAIDERS zone.
11:32 of 1st period - Sebastien Aho is hit by Curtis Lazar and loses puck.
11:48 of 1st period - Icing by Cameron Lund.
11:49 of 1st period - Philippe Daoust wins face-off versus Zack Ostapchuk in PHILADELPHIA RAIDERS zone.
12:19 of 1st period - Minor Penalty to Nicolas Aube-Kubel for Interference.
12:20 of 1st period - Matthew Poitras wins face-off versus Jeff Malott in LIMOILOU WOLF PACK zone.
12:24 of 1st period - Curtis Lazar is hit by Chad Ruhwedel and loses puck.
12:35 of 1st period - Shot by Curtis Lazar.
12:35 of 1st period - Shot Misses the Net.
12:41 of 1st period - Shot by Curtis Lazar.
12:41 of 1st period - Shot Misses the Net.
13:07 of 1st period - Shot by Gavin Hayes.
13:07 of 1st period - Shot Misses the Net.
13:09 of 1st period - Shot by Zack Ostapchuk.
13:09 of 1st period - Deflect By Jonathan Gruden.
13:09 of 1st period - Shot Blocked by Aidan Fulp.
13:11 of 1st period - Shot by Jaycob Megna.
13:11 of 1st period - Stopped by Anton Forsberg with a rebound.
13:13 of 1st period - Shot by Jaycob Megna.
13:13 of 1st period - Stopped by Anton Forsberg without a rebound.
13:14 of 1st period - Zack Ostapchuk wins face-off versus Oskar Pettersson in LIMOILOU WOLF PACK zone.
14:15 of 1st period - Shot by Dennis Cholowski.
14:15 of 1st period - Stopped by Anton Forsberg without a rebound.
14:16 of 1st period - Matthew Poitras wins face-off versus Oskar Pettersson in LIMOILOU WOLF PACK zone.
14:37 of 1st period - Shot by Nicolas Aube-Kubel.
14:37 of 1st period - Shot Misses the Net.
14:40 of 1st period - Minor Penalty to Nicolas Aube-Kubel for Goalie Interference.
14:41 of 1st period - Oskar Pettersson wins face-off versus Zack Ostapchuk in LIMOILOU WOLF PACK zone.
14:41 of 1st period - Akil Thomas is hit by Zack Ostapchuk and loses puck.
15:07 of 1st period - Shot by Zack Ostapchuk.
15:07 of 1st period - Stopped by Anton Forsberg without a rebound.
15:08 of 1st period - Jeff Malott wins face-off versus Matthew Poitras in LIMOILOU WOLF PACK zone.
15:56 of 1st period - Shot by Cameron Lund.
15:56 of 1st period - Shot Misses the Net.
16:34 of 1st period - Shot by Curtis Lazar.
16:34 of 1st period - Stopped by Anton Forsberg without a rebound.
16:35 of 1st period - Cameron Lund wins face-off versus Jeff Malott in LIMOILOU WOLF PACK zone.
16:41 of 1st period - Shot by Cameron Lund.
16:41 of 1st period - Stopped by Anton Forsberg without a rebound.
16:42 of 1st period - Philippe Daoust wins face-off versus Riley Kidney in LIMOILOU WOLF PACK zone.
16:49 of 1st period - Matthew Poitras is hit by Philippe Daoust and loses puck.
16:56 of 1st period - Shot by Colton Dach.
16:56 of 1st period - Deflect By Philippe Daoust.
16:56 of 1st period - Shot Blocked by Matthew Poitras.
17:28 of 1st period - Riley Kidney is hit by Dominik Shine and loses puck.
17:49 of 1st period - Matthew Poitras is hit by Dominik Shine and loses puck.
17:55 of 1st period - Dennis Cholowski is hit by Chad Ruhwedel.
18:06 of 1st period - Dominik Shine and Jonathan Gruden fight to a draw.
18:06 of 1st period - Penalty to Dominik Shine for Fighting.
18:06 of 1st period - Penalty to Jonathan Gruden for Fighting.
18:07 of 1st period - Oskar Pettersson wins face-off versus Zack Ostapchuk in LIMOILOU WOLF PACK zone.
18:09 of 1st period - Minor Penalty to Zack Ostapchuk for Hooking.
18:10 of 1st period - Curtis Lazar wins face-off versus Alex Suzdalev in PHILADELPHIA RAIDERS zone.
18:10 of 1st period - Curtis Lazar is hit by Alex Suzdalev.
18:22 of 1st period - Shot by Oskar Pettersson.
18:22 of 1st period - Shot Misses the Net.
18:24 of 1st period - Shot by Nicolas Deslauriers.
18:24 of 1st period - Stopped by Jaxson Stauber without a rebound.
18:25 of 1st period - Philippe Daoust wins face-off versus Curtis Lazar in PHILADELPHIA RAIDERS zone.
18:38 of 1st period - Shot by Nicolas Aube-Kubel.
18:38 of 1st period - Shot Misses the Net.
18:52 of 1st period - Shot by Lukas Rousek.
18:52 of 1st period - Shot Misses the Net.
19:31 of 1st period - Shot by Akil Thomas.
19:31 of 1st period - Deflect By Oskar Pettersson.
19:31 of 1st period - Stopped by Jaxson Stauber with a rebound.
19:33 of 1st period - Shot by Chad Ruhwedel.
19:33 of 1st period - Shot Misses the Net.
Goals for this period are 1 for PHILADELPHIA RAIDERS vs 1 for LIMOILOU WOLF PACK.
Shots for this period are 12 for PHILADELPHIA RAIDERS vs 10 for LIMOILOU WOLF PACK.
2nd period
0:01 of 2nd period - Curtis Lazar wins face-off versus Jeff Malott in neutral zone.
0:59 of 2nd period - Colton Dach is hit by Brandon Scanlin and loses puck.
1:12 of 2nd period - Off-side.
1:13 of 2nd period - Matthew Poitras wins face-off versus Oskar Pettersson in neutral zone.
1:13 of 2nd period - Matthew Poitras is hit by Oskar Pettersson.
1:17 of 2nd period - Shot by Matthew Poitras.
1:17 of 2nd period - Stopped by Anton Forsberg with a rebound.
1:19 of 2nd period - Shot by Matthew Poitras.
1:19 of 2nd period - Shot Blocked by Chad Ruhwedel.
1:21 of 2nd period - Shot by Matthew Poitras.
1:21 of 2nd period - Shot Blocked by Jeff Malott.
1:23 of 2nd period - Shot by Brandon Scanlin.
1:23 of 2nd period - Shot Blocked by Chad Ruhwedel.
1:25 of 2nd period - Shot by Dennis Cholowski.
1:25 of 2nd period - Shot Misses the Net.
1:27 of 2nd period - Shot by Dennis Cholowski.
1:27 of 2nd period - Shot Misses the Net.
1:29 of 2nd period - Shot by Dennis Cholowski.
1:29 of 2nd period - Shot Misses the Net.
1:31 of 2nd period - Shot by Dennis Cholowski.
1:31 of 2nd period - Stopped by Anton Forsberg without a rebound.
1:32 of 2nd period - Jacob Perreault wins face-off versus Zack Ostapchuk in LIMOILOU WOLF PACK zone.
1:32 of 2nd period - Jeff Malott is hit by Zack Ostapchuk and loses puck.
1:57 of 2nd period - Icing by Jeff Malott.
1:58 of 2nd period - Matthew Poitras wins face-off versus Jacob Perreault in LIMOILOU WOLF PACK zone.
2:32 of 2nd period - Shot by Brendan Brisson.
2:32 of 2nd period - Shot Misses the Net.
2:49 of 2nd period - Off-side.
2:50 of 2nd period - Nicolas Aube-Kubel wins face-off versus Zack Ostapchuk in neutral zone.
2:56 of 2nd period - Off-side.
2:57 of 2nd period - Jacob Perreault wins face-off versus Zack Ostapchuk in neutral zone.
3:16 of 2nd period - Shot by Jacob Perreault.
3:16 of 2nd period - Shot Misses the Net.
3:45 of 2nd period - Shot by Cameron Lund.
3:45 of 2nd period - Stopped by Anton Forsberg without a rebound.
3:46 of 2nd period - Oskar Pettersson wins face-off versus Matthew Poitras in LIMOILOU WOLF PACK zone.
3:53 of 2nd period - Shot by Philippe Daoust.
3:53 of 2nd period - Stopped by Jaxson Stauber without a rebound.
3:54 of 2nd period - Curtis Lazar wins face-off versus Philippe Daoust in PHILADELPHIA RAIDERS zone.
4:00 of 2nd period - Matthew Poitras is hit by Chad Ruhwedel and loses puck.
4:24 of 2nd period - Icing by Curtis Lazar.
4:25 of 2nd period - Jeff Malott wins face-off versus Matthew Poitras in PHILADELPHIA RAIDERS zone.
4:36 of 2nd period - Shot by Akil Thomas.
4:36 of 2nd period - Stopped by Jaxson Stauber without a rebound.
4:37 of 2nd period - Zack Ostapchuk wins face-off versus Jeff Malott in PHILADELPHIA RAIDERS zone.
4:59 of 2nd period - Off-side.
5:00 of 2nd period - Matthew Poitras wins face-off versus Nicolas Aube-Kubel in neutral zone.
5:03 of 2nd period - Shot by Cameron Lund.
5:03 of 2nd period - Shot Misses the Net.
5:12 of 2nd period - Icing by Cameron Lund.
5:13 of 2nd period - Oskar Pettersson wins face-off versus Matthew Poitras in PHILADELPHIA RAIDERS zone.
5:18 of 2nd period - Shot by Brendan Brisson.
5:18 of 2nd period - Shot Blocked by Jaycob Megna.
5:21 of 2nd period - Icing by Jaycob Megna.
5:22 of 2nd period - Jeff Malott wins face-off versus Matthew Poitras in PHILADELPHIA RAIDERS zone.
5:29 of 2nd period - Shot by Jeff Malott.
5:29 of 2nd period - Shot Misses the Net.
5:39 of 2nd period - Shot by Cameron Lund.
5:39 of 2nd period - Shot Blocked by Chad Ruhwedel.
5:49 of 2nd period - Icing by Sebastien Aho.
5:50 of 2nd period - Jeff Malott wins face-off versus Zack Ostapchuk in LIMOILOU WOLF PACK zone.
6:08 of 2nd period - Off-side.
6:09 of 2nd period - Philippe Daoust wins face-off versus Zack Ostapchuk in neutral zone.
6:30 of 2nd period - Shot by Nicolas Aube-Kubel.
6:30 of 2nd period - Stopped by Jaxson Stauber without a rebound.
6:31 of 2nd period - Philippe Daoust wins face-off versus Matthew Poitras in PHILADELPHIA RAIDERS zone.
6:31 of 2nd period - Oskar Pettersson is hit by Shai Buium and loses puck.
6:39 of 2nd period - Shot by Matthew Poitras.
6:39 of 2nd period - Stopped by Anton Forsberg without a rebound.
6:40 of 2nd period - Matthew Poitras wins face-off versus Jacob Perreault in LIMOILOU WOLF PACK zone.
6:40 of 2nd period - Curtis Lazar is hit by Vincent Sevigny and loses puck.
6:48 of 2nd period - Off-side.
6:49 of 2nd period - Zack Ostapchuk wins face-off versus Philippe Daoust in neutral zone.
6:49 of 2nd period - Jonathan Gruden is hit by Colton Dach.
6:59 of 2nd period - Shot by Nicolas Aube-Kubel.
6:59 of 2nd period - Shot Blocked by Jaycob Megna.
7:00 of 2nd period - Minor Penalty to Colton Dach for Hooking.
7:01 of 2nd period - Matthew Poitras wins face-off versus Jeff Malott in LIMOILOU WOLF PACK zone.
7:36 of 2nd period - Shot by Curtis Lazar.
7:36 of 2nd period - Stopped by Anton Forsberg without a rebound.
7:37 of 2nd period - Zack Ostapchuk wins face-off versus Jeff Malott in LIMOILOU WOLF PACK zone.
7:50 of 2nd period - Jeff Malott is hit by Zack Ostapchuk and loses puck.
9:07 of 2nd period - Shot by Nicolas Aube-Kubel.
9:07 of 2nd period - Stopped by Jaxson Stauber without a rebound.
9:08 of 2nd period - Oskar Pettersson wins face-off versus Tyce Thompson in PHILADELPHIA RAIDERS zone.
9:29 of 2nd period - Shot by Brendan Brisson.
9:29 of 2nd period - Shot Blocked by Donovan Sebrango.
10:10 of 2nd period - Shot by Zack Ostapchuk.
10:10 of 2nd period - Goal by Zack Ostapchuk - PHILADELPHIA RAIDERS : 2 - LIMOILOU WOLF PACK : 1.
10:11 of 2nd period - Curtis Lazar wins face-off versus Dominik Shine in neutral zone.
10:11 of 2nd period - Matthew Poitras is hit by Dominik Shine and loses puck.
10:16 of 2nd period - Shot by Colton Dach.
10:16 of 2nd period - Stopped by Jaxson Stauber without a rebound.
10:17 of 2nd period - Philippe Daoust wins face-off versus Matthew Poitras in PHILADELPHIA RAIDERS zone.
10:37 of 2nd period - Shot by Colton Dach.
10:37 of 2nd period - Stopped by Jaxson Stauber without a rebound.
10:38 of 2nd period - Jeff Malott wins face-off versus Zack Ostapchuk in PHILADELPHIA RAIDERS zone.
10:53 of 2nd period - Shot by Akil Thomas.
10:53 of 2nd period - Stopped by Jaxson Stauber with a rebound.
10:55 of 2nd period - Shot by Cam McDonald.
10:55 of 2nd period - Deflect By Akil Thomas.
10:55 of 2nd period - Stopped by Jaxson Stauber without a rebound.
10:56 of 2nd period - Philippe Daoust wins face-off versus Matthew Poitras in PHILADELPHIA RAIDERS zone.
11:13 of 2nd period - Shot by Colton Dach.
11:13 of 2nd period - Shot Blocked by Jaycob Megna.
11:15 of 2nd period - Shot by Nicolas Aube-Kubel.
11:15 of 2nd period - Stopped by Jaxson Stauber without a rebound.
11:16 of 2nd period - Jacob Perreault wins face-off versus Zack Ostapchuk in PHILADELPHIA RAIDERS zone.
11:16 of 2nd period - Jeff Malott is hit by Brandon Scanlin and loses puck.
11:33 of 2nd period - Minor Penalty to Zack Ostapchuk for Hooking.
11:34 of 2nd period - Philippe Daoust wins face-off versus Curtis Lazar in PHILADELPHIA RAIDERS zone.
11:54 of 2nd period - Shot by Nicolas Aube-Kubel.
11:54 of 2nd period - Shot Misses the Net.
11:56 of 2nd period - Shot by Nicolas Deslauriers.
11:56 of 2nd period - Shot Blocked by Jaycob Megna.
11:58 of 2nd period - Shot by Nicolas Aube-Kubel.
11:58 of 2nd period - Deflect By Jacob Perreault.
11:58 of 2nd period - Stopped by Jaxson Stauber without a rebound.
11:59 of 2nd period - Jeff Malott wins face-off versus Lukas Rousek in PHILADELPHIA RAIDERS zone.
12:12 of 2nd period - Matthew Poitras is hit by Jeff Malott and loses puck.
12:17 of 2nd period - Shot by Chad Ruhwedel.
12:17 of 2nd period - Stopped by Jaxson Stauber without a rebound.
12:18 of 2nd period - Lukas Rousek wins face-off versus Philippe Daoust in PHILADELPHIA RAIDERS zone.
12:24 of 2nd period - Icing by Nicolas Aube-Kubel.
12:25 of 2nd period - Philippe Daoust wins face-off versus Curtis Lazar in LIMOILOU WOLF PACK zone.
13:04 of 2nd period - Shot by Jeff Malott.
13:04 of 2nd period - Shot Misses the Net.
13:08 of 2nd period - Shot by Chad Ruhwedel.
13:08 of 2nd period - Shot Blocked by Shai Buium.
13:10 of 2nd period - Shot by Chad Ruhwedel.
13:10 of 2nd period - Deflect By Oskar Pettersson.
13:10 of 2nd period - Shot Misses the Net.
13:41 of 2nd period - Minor Penalty to Brandon Scanlin for Hooking.
13:42 of 2nd period - Philippe Daoust wins face-off versus Curtis Lazar in PHILADELPHIA RAIDERS zone.
15:19 of 2nd period - Shot by Charlie Wright.
15:19 of 2nd period - Stopped by Jaxson Stauber without a rebound.
15:20 of 2nd period - Matthew Poitras wins face-off versus Philippe Daoust in PHILADELPHIA RAIDERS zone.
16:34 of 2nd period - Shai Buium is hit by Jackson van de Leest and loses puck.
16:41 of 2nd period - Shot by Riley Kidney.
16:41 of 2nd period - Shot Blocked by Jackson van de Leest.
16:46 of 2nd period - Minor Penalty to Tyce Thompson for Hooking.
16:47 of 2nd period - Philippe Daoust wins face-off versus Curtis Lazar in PHILADELPHIA RAIDERS zone.
17:06 of 2nd period - Shot by Shai Buium.
17:06 of 2nd period - Shot Blocked by Chad Ruhwedel.
18:18 of 2nd period - Shot by Jacob Perreault.
18:18 of 2nd period - Stopped by Jaxson Stauber with a rebound.
18:24 of 2nd period - Shot by Dominik Shine.
18:24 of 2nd period - Shot Misses the Net.
18:53 of 2nd period - Shot by Colton Dach.
18:53 of 2nd period - Shot Misses the Net.
19:10 of 2nd period - Philippe Daoust is hit by Donovan Sebrango and loses puck.
19:55 of 2nd period - Icing by Shai Buium.
19:56 of 2nd period - Jacob Perreault wins face-off versus Tyce Thompson in PHILADELPHIA RAIDERS zone.
Goals for this period are 1 for PHILADELPHIA RAIDERS vs 0 for LIMOILOU WOLF PACK.
Shots for this period are 6 for PHILADELPHIA RAIDERS vs 13 for LIMOILOU WOLF PACK.
3rd period
0:01 of 3rd period - Matthew Poitras wins face-off versus Jeff Malott in neutral zone.
0:16 of 3rd period - Shot by Matthew Poitras.
0:16 of 3rd period - Stopped by Anton Forsberg without a rebound.
0:17 of 3rd period - Zack Ostapchuk wins face-off versus Colton Dach in LIMOILOU WOLF PACK zone.
0:31 of 3rd period - Shot by Zack Ostapchuk.
0:31 of 3rd period - Stopped by Anton Forsberg with a rebound.
1:09 of 3rd period - Icing by Dennis Cholowski.
1:10 of 3rd period - Matthew Poitras wins face-off versus Jeff Malott in PHILADELPHIA RAIDERS zone.
1:35 of 3rd period - Shot by Jeff Malott.
1:35 of 3rd period - Shot Blocked by Curtis Lazar.
1:37 of 3rd period - Shot by Sebastien Aho.
1:37 of 3rd period - Shot Blocked by Curtis Lazar.
1:44 of 3rd period - Shot by Jeff Malott.
1:44 of 3rd period - Shot Misses the Net.
1:46 of 3rd period - Shot by Akil Thomas.
1:46 of 3rd period - Stopped by Jaxson Stauber with a rebound.
3:30 of 3rd period - Shot by Brendan Brisson.
3:30 of 3rd period - Shot Misses the Net.
3:52 of 3rd period - Matthew Poitras is hit by Nicolas Aube-Kubel.
3:56 of 3rd period - Shot by Colton Dach.
3:56 of 3rd period - Stopped by Jaxson Stauber with a rebound.
4:00 of 3rd period - Shot by Colton Dach.
4:00 of 3rd period - Goal by Colton Dach - PHILADELPHIA RAIDERS : 2 - LIMOILOU WOLF PACK : 2.
4:01 of 3rd period - Zack Ostapchuk wins face-off versus Jeff Malott in neutral zone.
4:05 of 3rd period - Shot by Noah Warren.
4:05 of 3rd period - Stopped by Anton Forsberg with a rebound.
5:16 of 3rd period - Icing by Shai Buium.
5:17 of 3rd period - Jacob Perreault wins face-off versus Tyce Thompson in PHILADELPHIA RAIDERS zone.
5:24 of 3rd period - Shot by Cameron Lund.
5:24 of 3rd period - Stopped by Anton Forsberg with a rebound.
6:19 of 3rd period - Shot by Philippe Daoust.
6:19 of 3rd period - Shot Misses the Net.
6:58 of 3rd period - Shot by Jonathan Gruden.
6:58 of 3rd period - Shot Misses the Net.
7:10 of 3rd period - Shot by Zack Ostapchuk.
7:10 of 3rd period - Shot Hit the Post.
7:12 of 3rd period - Shot by Zack Ostapchuk.
7:12 of 3rd period - Shot Misses the Net.
7:14 of 3rd period - Shot by Jonathan Gruden.
7:14 of 3rd period - Shot Misses the Net.
7:24 of 3rd period - Cameron Lund is hit by Colton Dach and loses puck.
7:30 of 3rd period - Off-side.
7:31 of 3rd period - Jeff Malott wins face-off versus Riley Kidney in neutral zone.
8:08 of 3rd period - Shot by Cameron Lund.
8:08 of 3rd period - Shot Misses the Net.
8:23 of 3rd period - Icing by Shai Buium.
8:24 of 3rd period - Zack Ostapchuk wins face-off versus Jacob Perreault in PHILADELPHIA RAIDERS zone.
8:33 of 3rd period - Shot by Zack Ostapchuk.
8:33 of 3rd period - Shot Blocked by Charlie Wright.
8:35 of 3rd period - Shot by Zack Ostapchuk.
8:35 of 3rd period - Stopped by Anton Forsberg without a rebound.
8:36 of 3rd period - Gavin Hayes wins face-off versus Philippe Daoust in LIMOILOU WOLF PACK zone.
8:57 of 3rd period - Shot by Zack Ostapchuk.
8:57 of 3rd period - Deflect By Jonathan Gruden.
8:57 of 3rd period - Shot Blocked by Colton Dach.
9:43 of 3rd period - Shot by Matthew Poitras.
9:43 of 3rd period - Stopped by Anton Forsberg without a rebound.
9:44 of 3rd period - Matthew Poitras wins face-off versus Jeff Malott in LIMOILOU WOLF PACK zone.
9:44 of 3rd period - Matthew Poitras is hit by Jackson van de Leest.
9:46 of 3rd period - Shot by Lukas Rousek.
9:46 of 3rd period - Shot Misses the Net.
9:48 of 3rd period - Shot by Curtis Lazar.
9:48 of 3rd period - Shot Blocked by Jackson van de Leest.
9:50 of 3rd period - Shot by Curtis Lazar.
9:50 of 3rd period - Shot Misses the Net.
9:52 of 3rd period - Shot by Matthew Poitras.
9:52 of 3rd period - Stopped by Anton Forsberg without a rebound.
9:53 of 3rd period - Oskar Pettersson wins face-off versus Matthew Poitras in LIMOILOU WOLF PACK zone.
10:07 of 3rd period - Cameron Lund is hit by Nicolas Deslauriers and loses puck.
10:12 of 3rd period - Shot by Matthew Poitras.
10:12 of 3rd period - Stopped by Anton Forsberg without a rebound.
10:13 of 3rd period - Jeff Malott wins face-off versus Matthew Poitras in LIMOILOU WOLF PACK zone.
10:26 of 3rd period - Akil Thomas is hit by Curtis Lazar and loses puck.
10:46 of 3rd period - Icing by Curtis Lazar.
10:47 of 3rd period - Philippe Daoust wins face-off versus Matthew Poitras in PHILADELPHIA RAIDERS zone.
11:51 of 3rd period - Shot by Riley Kidney.
11:51 of 3rd period - Shot Misses the Net.
11:53 of 3rd period - Shot by Cameron Lund.
11:53 of 3rd period - Stopped by Anton Forsberg without a rebound.
11:54 of 3rd period - Riley Kidney wins face-off versus Brendan Brisson in LIMOILOU WOLF PACK zone.
11:59 of 3rd period - Shot by Cameron Lund.
11:59 of 3rd period - Stopped by Anton Forsberg without a rebound.
12:00 of 3rd period - Oskar Pettersson wins face-off versus Riley Kidney in LIMOILOU WOLF PACK zone.
12:24 of 3rd period - Shot by Dennis Cholowski.
12:24 of 3rd period - Shot Misses the Net.
12:26 of 3rd period - Shot by Matthew Poitras.
12:26 of 3rd period - Deflect By Tyce Thompson.
12:26 of 3rd period - Shot Blocked by Chad Ruhwedel.
12:28 of 3rd period - Shot by Matthew Poitras.
12:28 of 3rd period - Stopped by Anton Forsberg with a rebound.
12:38 of 3rd period - Shot by Jonathan Gruden.
12:38 of 3rd period - Stopped by Anton Forsberg with a rebound.
12:40 of 3rd period - Shot by Zack Ostapchuk.
12:40 of 3rd period - Shot Misses the Net.
12:48 of 3rd period - Shot by Jonathan Gruden.
12:48 of 3rd period - Deflect By Zack Ostapchuk.
12:48 of 3rd period - Stopped by Anton Forsberg without a rebound.
12:49 of 3rd period - Jacob Perreault wins face-off versus Tyce Thompson in LIMOILOU WOLF PACK zone.
13:10 of 3rd period - Off-side.
13:11 of 3rd period - Zack Ostapchuk wins face-off versus Jeff Malott in neutral zone.
13:20 of 3rd period - Shot by Zack Ostapchuk.
13:20 of 3rd period - Stopped by Anton Forsberg with a rebound.
13:22 of 3rd period - Shot by Zack Ostapchuk.
13:22 of 3rd period - Shot Misses the Net.
13:24 of 3rd period - Shot by Donovan Sebrango.
13:24 of 3rd period - Stopped by Anton Forsberg with a rebound.
13:26 of 3rd period - Shot by Jaycob Megna.
13:26 of 3rd period - Stopped by Anton Forsberg with a rebound.
13:28 of 3rd period - Shot by Jaycob Megna.
13:28 of 3rd period - Shot Misses the Net.
13:30 of 3rd period - Shot by Jonathan Gruden.
13:30 of 3rd period - Shot Misses the Net.
13:36 of 3rd period - Shot by Jonathan Gruden.
13:36 of 3rd period - Shot Blocked by Charlie Wright.
13:38 of 3rd period - Shot by Jonathan Gruden.
13:38 of 3rd period - Shot Misses the Net.
13:55 of 3rd period - Matthew Poitras is hit by Jackson van de Leest.
14:01 of 3rd period - Shot by Cameron Lund.
14:01 of 3rd period - Stopped by Anton Forsberg without a rebound.
14:02 of 3rd period - Curtis Lazar wins face-off versus Philippe Daoust in LIMOILOU WOLF PACK zone.
14:05 of 3rd period - Shot by Matthew Poitras.
14:05 of 3rd period - Deflect By Curtis Lazar.
14:05 of 3rd period - Shot Blocked by Nicolas Deslauriers.
14:15 of 3rd period - Shot by Matthew Poitras.
14:15 of 3rd period - Shot Misses the Net.
14:17 of 3rd period - Shot by Curtis Lazar.
14:17 of 3rd period - Stopped by Anton Forsberg with a rebound.
14:21 of 3rd period - Shot by Curtis Lazar.
14:21 of 3rd period - Shot Blocked by Aidan Fulp.
14:23 of 3rd period - Shot by Shai Buium.
14:23 of 3rd period - Shot Misses the Net.
14:25 of 3rd period - Shot by Curtis Lazar.
14:25 of 3rd period - Shot Misses the Net.
14:27 of 3rd period - Shot by Matthew Poitras.
14:27 of 3rd period - Stopped by Anton Forsberg without a rebound.
14:28 of 3rd period - Zack Ostapchuk wins face-off versus Jacob Perreault in LIMOILOU WOLF PACK zone.
14:33 of 3rd period - Shot by Zack Ostapchuk.
14:33 of 3rd period - Shot Misses the Net.
14:41 of 3rd period - Jonathan Gruden is hit by Dominik Shine and loses puck.
15:26 of 3rd period - Shot by Matthew Poitras.
15:26 of 3rd period - Shot Misses the Net.
16:29 of 3rd period - Shot by Oskar Pettersson.
16:29 of 3rd period - Shot Misses the Net.
17:02 of 3rd period - Icing by Jaycob Megna.
17:03 of 3rd period - Jacob Perreault wins face-off versus Gavin Hayes in PHILADELPHIA RAIDERS zone.
17:08 of 3rd period - Shot by Jacob Perreault.
17:08 of 3rd period - Stopped by Jaxson Stauber with a rebound.
17:10 of 3rd period - Shot by Dominik Shine.
17:10 of 3rd period - Shot Misses the Net.
17:12 of 3rd period - Shot by Charlie Wright.
17:12 of 3rd period - Stopped by Jaxson Stauber without a rebound.
17:13 of 3rd period - Oskar Pettersson wins face-off versus Matthew Poitras in PHILADELPHIA RAIDERS zone.
17:15 of 3rd period - Philippe Daoust is hit by Brandon Scanlin and loses puck.
17:22 of 3rd period - Shot by Matthew Poitras.
17:22 of 3rd period - Stopped by Anton Forsberg without a rebound.
17:23 of 3rd period - Jacob Perreault wins face-off versus Curtis Lazar in LIMOILOU WOLF PACK zone.
18:15 of 3rd period - Philippe Daoust is hit by Brandon Scanlin and loses puck.
18:28 of 3rd period - Shot by Zack Ostapchuk.
18:28 of 3rd period - Stopped by Anton Forsberg with a rebound.
19:29 of 3rd period - Off-side.
19:30 of 3rd period - Zack Ostapchuk wins face-off versus Jeff Malott in neutral zone.
19:38 of 3rd period - Off-side.
19:39 of 3rd period - Zack Ostapchuk wins face-off versus Jeff Malott in neutral zone.
19:56 of 3rd period - Shot by Gavin Hayes.
19:56 of 3rd period - Stopped by Anton Forsberg with a rebound.
Goals for this period are 0 for PHILADELPHIA RAIDERS vs 1 for LIMOILOU WOLF PACK.
Shots for this period are 22 for PHILADELPHIA RAIDERS vs 5 for LIMOILOU WOLF PACK.
Overtime #1
0:01 of 1st overtime period - Lukas Rousek wins face-off versus Jeff Malott in neutral zone.
0:08 of 1st overtime period - Shot by Matthew Poitras.
0:08 of 1st overtime period - Shot Misses the Net.
1:05 of 1st overtime period - Shot by Akil Thomas.
1:05 of 1st overtime period - Goal by Akil Thomas - PHILADELPHIA RAIDERS : 2 - LIMOILOU WOLF PACK : 3.
Goals for this period are 0 for PHILADELPHIA RAIDERS vs 1 for LIMOILOU WOLF PACK.
Shots for this period are 0 for PHILADELPHIA RAIDERS vs 1 for LIMOILOU WOLF PACK.
Back to the Top